 Dungeon Crawl Stone Soup version 0.31-a0-925-g0a390f2509 (webtiles) character file.

Game seed: 4682733952525563709

4 AppTheSpectato the Chopper (level 1, 0/20 HPs)
             Began as a Hill Orc Monk on Oct 18, 2023.
             Killed from afar by a dart slug (4 damage)
             ... with a slug dart
             ... on level 2 of the Dungeon.
             The game lasted 00:00:39 (64 turns).

AppTheSpectato the Chopper (Hill Orc Monk)            Turns: 64, Time: 00:00:39

Health: 0/20       AC:  2    Str: 13    XL:     1   Next: 70%
Magic:  1/1        EV: 12    Int: 10    God:
Gold:   11         SH:  0    Dex: 13    Spells: 0/0 levels left

rFire   . . .        a - +0 hand axe
rCold   . . .        d - orb {light}
rNeg    . . .        b - +0 robe
rPois   .            (no helmet)
rElec   .            (no cloak)
rCorr   .            (no gloves)
SInv    .            (no boots)
Will    .....        (no amulet)
Stlth   +            (no ring)
HPRegen 0.23/turn    (no ring)
MPRegen 0.07/turn

%: no passive effects
@: glowing
A: no striking features
a: no special abilities


You were on level 2 of the Dungeon.
You visited 1 branch of the dungeon, and saw 2 of its levels.

You collected 11 gold pieces.

Inventory:

Hand Weapons
 a - a +0 hand axe (weapon)
Armour
 b - a +0 robe (worn)
 d - an orb of light (worn)
Scrolls
 e - a scroll of vulnerability {unknown}
 f - a scroll of identify {unknown}
Potions
 c - a potion of ambrosia


   Skills:
 + Level 3.7 Fighting
 + Level 4.1 Axes
 + Level 2.5 Dodging


You couldn't memorise any spells.
You didn't know any spells.
Your spell library was empty.

Dungeon Overview and Level Annotations

Branches:
Dungeon (2/15)

Altars:

Annotations:
D:2 Jessica


Message History

The dart slug barely misses you.
You hit the dart slug.
You kill the dart slug!
You now have 11 gold pieces.
f - a scroll labelled XYETRU FEOGAXE A hobgoblin comes into view.
Found a stone staircase leading up.
The hobgoblin shouts!
A kobold comes into view. It is wielding a +0 whip.
The kobold shouts!
You hit the kobold.
The kobold is moderately wounded.
The kobold hits you with a +0 whip.
You closely miss the kobold.
The kobold is moderately wounded.
The kobold hits you with a +0 whip.
You hit the kobold.
You kill the kobold!
You completely miss the hobgoblin. The hobgoblin hits you.
Jessica the Apprentice Sorceress comes into view.
She is wielding a +0 club and wearing a +2 robe of willpower.
You hit the hobgoblin.
You kill the hobgoblin!
Jessica points at you and mumbles some strange words.
Pain shoots through your body!
A dart slug comes into view.
Jessica mumbles some strange words.
Jessica blinks!
There is a stone staircase leading up here.
Jessica barely misses you.
You climb upwards.
Found a fuming black potion.
There is a stone staircase leading down here.
Jessica closely misses you.
You climb downwards.
There is a stone staircase leading up here.
Jessica hits you with a +0 club.
* * * LOW HITPOINT WARNING * * *
The dart slug launches a dart at you. The slug dart hits you.
You die...

###.# ..#.#
#.#.# #.#.## ##
#....# ##..
#....#
..#.#######....#
....#.w...@@..#
#...........#
#.#)........#
#..#......#
#..#.#.#....
#..#.########
#..#.. #..###
#..#


You could see a dart slug and Jessica.

Vanquished Creatures
  A dart slug (D:2)
  A hobgoblin (D:2)
  A kobold (D:2)
3 creatures vanquished.

Notes
Turn   | Place    | Note
-------+----------+-------------------------------------------
     0 | D:1      | AppTheSpectato the Hill Orc Monk began the quest for the
                  | Orb.
     0 | D:1      | Reached XP level 1. HP: 19/19 MP: 1/1
    27 | D:1      | You fall into a shaft and drop 1 floor!
    51 | D:2      | Noticed Jessica
    64 | D:2      | Killed from afar by a dart slug

Illustrated notes

Levels and vault maps discovered:
D:1:      lemuel_arrival_funnel, layout_basic
D:2:      layout_basic, dreamdust_ecumenical_altar_hidden_monk_grotto,
          uniq_jessica

Action                     || total
---------------------------++-------
  Melee: Hand axe          ||     8
 Armour: Robe              ||     6
  Dodge: Dodged            ||     6

Table legend: (Time is in decaauts)
 A = Elapsed time spent in this place.
 B = Non-inter-level travel time spent in this place.
 C = Inter-level travel time spent in this place.
 D = Time resting spent in this place.
 E = Time spent auto-exploring this place.
 F = Levels seen in this place.
 G = Mean time per level.
                   A        B        C        D        E       F      G
               +--------+--------+--------+--------+--------+-----+--------+
         Total |     64 |     64 |      0 |      0 |     27 |   2 |   32.0 |
       Dungeon |     64 |     64 |      0 |      0 |     27 |   2 |   32.0 |
               +--------+--------+--------+--------+--------+-----+--------+

Top non-repeatable levels by time:
     D:2: 36 daAuts
     D:1: 28 daAuts
